 Dungeon Crawl Stone Soup version 0.29.0-13-gc9e81de378 (webtiles) character file.

Game seed: 839485148608638788

41 howech the Chopper (level 3, -3/33 HPs)
             Began as a Hill Orc Monk on Sept 10, 2022.
             Slain by a gnoll
             ... wielding a +0 spear
              (7 damage)
             ... on level 2 of the Dungeon.
             The game lasted 00:03:43 (1696 turns).

howech the Chopper (Hill Orc Monk)                  Turns: 1696, Time: 00:03:44

Health: -3/33      AC:  6    Str: 13    XL:     3   Next: 52%
Magic:  3/3        EV:  9    Int: 12    God:
Gold:   147        SH:  0    Dex: 13    Spells: 2/2 levels left

rFire   . . .      SeeInvis .   a - +0 hand axe
rCold   . . .      Faith    .   (no shield)
rNeg    . . .      Spirit   .   d - +0 scale mail
rPois   .          Reflect  .   (no helmet)
rElec   .          Harm     .   (no cloak)
rCorr   .          Rampage  .   (no gloves)
Will    .....                   (no boots)
Stlth   ..........              (no amulet)
HPRegen 0.11/turn               (no ring)
MPRegen 0.08/turn               (no ring)

@: no status effects
A: no striking features
a: no special abilities


You were on level 2 of the Dungeon.
You visited 1 branch of the dungeon, and saw 2 of its levels.

You collected 147 gold pieces.

Inventory:

Hand Weapons
 a - a +0 hand axe (weapon)
Armour
 b - a +0 robe
 d - a +0 scale mail (worn)
Scrolls
 e - 2 scrolls of identify {unknown}
 f - a scroll of amnesia {unknown}
 g - 2 scrolls of fear {unknown}
 h - a scroll of enchant armour {unknown}
Potions
 c - a potion of ambrosia
 i - a potion of brilliance {unknown}
 j - a potion of curing {unknown}


   Skills:
 + Level 3.8 Fighting
 * Level 4.5 Axes
 + Level 0.5 Throwing
 + Level 0.8 Armour
 + Level 2.6 Dodging
 - Level 1.7 Stealth
 * Level 1.2 Invocations
 + Level 0.8 Evocations


You had 2 spell levels left.
You didn't know any spells.
Your spell library contained the following spells:

 Spells                   Type           Power      Damage    Failure   Level
 Confusing Touch          Hex            0%         N/A       99%         3
 Yara's Violent Unravell  Hex/Tmut       0%         3d3       100%        5
 Enfeeble                 Hex            0%         N/A       100%        7


Dungeon Overview and Level Annotations

Branches:
Dungeon (2/15)

Altars:
Gozag

Shops:
D:2 (


Message History

The gnoll shouts! x2
You hit the gnoll.
The gnoll is moderately wounded.
You hit the gnoll.
The gnoll is moderately wounded.
You hit the gnoll.
The gnoll is heavily wounded.
The gnoll closely misses you. x2
You closely miss the gnoll.
The gnoll is heavily wounded.
The gnoll hits you with a +0 whip. The gnoll barely misses you.
You hit the gnoll.
The gnoll is heavily wounded.
The gnoll hits you with a +0 whip.
The gnoll hits you from afar with a +0 spear.
You hit the gnoll.
The gnoll is heavily wounded.
The gnoll closely misses you.
You barely miss the gnoll. x2; The gnoll closely misses you.
The gnoll hits you from afar with a +0 spear.
The gnoll hits you with a +0 whip.
You hit the gnoll.
The gnoll is lightly wounded.
You closely miss the gnoll. The gnoll hits you with a +0 whip.
The gnoll hits you but does no damage. The gnoll hits you with a +0 whip.
Unknown command.
You closely miss the gnoll.
The gnoll is lightly wounded.
You hit the gnoll. The gnoll hits you but does no damage.
The gnoll hits you from afar with a +0 spear.
The gnoll hits you with a +0 whip.
Unknown command.
You hit the gnoll.
The gnoll is moderately wounded.
You closely miss the gnoll. The gnoll hits you with a +0 whip.
* * * LOW HITPOINT WARNING * * *
The gnoll hits you with a +0 whip.
* * * LOW HITPOINT WARNING * * *
The gnoll hits you from afar with a +0 spear!
You die...

#.# ###.###.#.####
#######)# ###...#
#.#.....
........##########...###
#.######
........##.....##..###
#.# #
.........#.....##+#####
#)# #
####.....#............#
#.# #
####.....#............#
#.# #
..##.....'............+
#.# #
#.##.....#####..@g....#
#.# # ####### ####g#####
#.###### ##..g# #.......
# ##### ##..### ########
# ....g.#gg.# #
......g...# #.#
?.........# ..#
......._..# .#
..........#


You could see 3 gnolls.

Vanquished Creatures
  An adder (D:2)
  A worm (D:2)
  3 endoplasms
  A giant cockroach (D:1)
  2 goblins
  2 hobgoblins (D:1)
  2 jackals (D:2)
  5 kobolds
  3 quokkas
  4 bats
  2 frilled lizards
  A rat (D:1)
27 creatures vanquished.

Notes
Turn   | Place    | Note
-------+----------+-------------------------------------------
     0 | D:1      | howech the Hill Orc Monk began the quest for the Orb.
     0 | D:1      | Reached XP level 1. HP: 19/19 MP: 1/1
    41 | D:1      | You fall into a shaft and drop 1 floor!
   428 | D:1      | Reached XP level 2. HP: 25/27 MP: 2/2
  1134 | D:2      | Found Daxoreli's Weapon Boutique.
  1143 | D:2      | Reached XP level 3. HP: 32/33 MP: 3/3
  1168 | D:2      | Reached skill level 1 in Invocations
  1400 | D:2      | Found a faded altar of an unknown god.
  1673 | D:2      | Found an opulent altar of Gozag.
  1696 | D:2      | Slain by a gnoll

Illustrated notes

Levels and vault maps discovered:
D:1:      lemuel_arrival_room, layout_basic
D:2:      layout_basic, chequers_ecumenical_altar_twisty, serial_shops, shop,
          basic_altar, minmay_misc_feat_iff, minmay_tetromino_t2

Skill      XL: |  1  2  3 |
---------------+----------+-----
Invocations    | 1 |  1.2
Fighting       | |  3.8
Axes           | |  4.5
Throwing       | |  0.5
Armour         | |  0.8
Dodging        | |  2.6
Stealth        | |  1.7
Evocations     | |  0.8

Action                   || total
-------------------------++-------
Melee: Hand axe          ||   122
       Punch             ||     1
Armor: Scale mail        ||    49
Dodge: Dodged            ||    54
